 Dungeon Crawl Stone Soup version 0.31-a0-1611-g890cdf5628 (webtiles) character file.

Game seed: 7044140276266229726

1585 Fodor the Cleaver (level 8, -5/71 HPs)
             Began as a Minotaur Fighter on Jan 8, 2024.
             Killed from afar by an oklob plant (15 damage)
             ... with a splash of acid
             ... on level 6 of the Dungeon.
             The game lasted 00:25:17 (5257 turns).

Fodor the Cleaver (Minotaur Fighter)                Turns: 5257, Time: 00:25:17

Health: -5/71      AC: 14    Str: 24    XL:     8   Next: 61%
Magic:  7/7        EV:  8    Int:  5    God:
Gold:   308        SH:  5    Dex: 15    Spells: 7/7 levels left

rFire   . . .        a - +0 war axe
rCold   . . .        c - +0 buckler
rNeg    . . .        b - +2 plate armour
rPois   .            (helmet restricted)
rElec   .            (no cloak)
rCorr   .            u - +2 pair of gloves
SInv    .            A - +2 pair of boots
Will    .....        (no amulet) Stlth
                     B - +6 ring of dexterity
HPRegen 0.31/turn    (no ring)
MPRegen 0.10/turn

%: no passive effects
@: corroded, very slow
A: horns 2, retaliatory headbutt
a: no special abilities


You were on level 6 of the Dungeon.
You visited 1 branch of the dungeon, and saw 6 of its levels.
You also visited: Sewer.

You collected 363 gold pieces.
You spent 55 gold pieces at shops.

Inventory:

Hand Weapons
 a - a +0 war axe (weapon)
Missiles
 t - 6 boomerangs (quivered)
Armour
 b - a +2 plate armour (worn)
 c - a +0 buckler (worn)
 u - a +2 pair of gloves (worn)
 A - a +2 pair of boots (worn)
Jewellery
 k - an amulet of magic regeneration
 B - a +6 ring of dexterity (left hand)
Talismans
 m - a dragon-blood talisman
 q - a maw talisman
Wands
 y - a wand of flame (6)
Scrolls
 e - 2 scrolls of teleportation
 g - 2 scrolls of fear
 l - a scroll of noise
 p - a scroll of brand weapon {unknown}
 s - a scroll of blinking
 D - a scroll of poison
Potions
 d - a potion of might
 f - a potion of ambrosia {unknown}
 h - 4 potions of curing {unknown}
 j - a potion of lignification {unknown}
 n - a potion of heal wounds {unknown}
 o - a potion of enlightenment {unknown}
 v - a potion of attraction {unknown}
 w - a potion of mutation {unknown}
 x - 2 potions of resistance {unknown}
 z - a potion of berserk rage
 C - a potion of brilliance {unknown}


   Skills:
 + Level 6.3 Fighting
 + Level 8.7 Axes
 + Level 0.8 Throwing
 + Level 7.5 Armour
 + Level 2.9 Dodging
 + Level 0.7 Stealth
 + Level 5.0 Shields


You had 7 spell levels left.
You didn't know any spells.
Your spell library contained the following spells:

 Spells                   Type           Power      Damage    Failure   Level
 Inner Flame              Hex/Fire       0%         N/A       100%        3
 Irradiate                Conj/Alch      0%         3d11      100%        5
 Ignition                 Fire           0%         3d3       100%        8


Dungeon Overview and Level Annotations

Branches:
Dungeon (6/15)              Sewer (visited)
 Temple: D:4-7

Altars:
Fedhas
Hepliaklqana

Shops:
D:3 ?

Annotations:
D:6 exclusion: oklob plant


Innate Abilities, Weirdness & Mutations

You have a pair of horns on your head.
You reflexively headbutt those who attack you in melee.


Message History

The oklob plant is lightly damaged.
Throw: 6 boomerangs
Press: ? - help, Q - select action, (/) - cycle Shift-Dir - straight line, f/p - oklob plant
Aim: an oklob plant (lightly damaged, 98% to hit)
You throw a boomerang.
The boomerang completely misses the oklob plant.
The oklob plant spits acid at you. The splash of acid hits you!!
The acid corrodes you!
Throw: 6 boomerangs
Press: ? - help, Q - select action, (/) - cycle Shift-Dir - straight line, f/p - oklob plant
Aim: an oklob plant (lightly damaged, 98% to hit)
You throw a boomerang.
The boomerang hits the oklob plant but does no damage.
The oklob plant is lightly damaged.
Throw: 6 boomerangs
Press: ? - help, Q - select action, (/) - cycle Shift-Dir - straight line, f/p - oklob plant
Aim: an oklob plant (lightly damaged, 98% to hit)
You throw a boomerang.
The boomerang hits the oklob plant but does no damage.
The oklob plant is lightly damaged.
The oklob plant spits acid at you. The splash of acid hits you.
Throw: 6 boomerangs
Press: ? - help, Q - select action, (/) - cycle Shift-Dir - straight line, f/p - oklob plant
Aim: an oklob plant (lightly damaged, 98% to hit)
You throw a boomerang.
The boomerang hits the oklob plant but does no damage.
The oklob plant is lightly damaged.
The oklob plant spits acid at you. You block the splash of acid.
The oklob plant spits acid at you. The splash of acid hits you!!
The oklob plant spits acid at you. The splash of acid hits you!!
* * * LOW HITPOINT WARNING * * *
You enter the shallow water.
Moving in this stuff is going to be slow.
The oklob plant spits acid at you. The splash of acid hits you!
You die...

#PP♣PPPP...P...PP.P♣#...
##P.♣.P..≈~~~~..P#♣P##.#
#P♣#P♣..≈≈≈≈≈~~..PPP##.#
#PPPP..~~≈≈≈≈≈~~..P♣##.#
##PPP.~~≈≈≈~~~≈≈~.♣P##..
♣PP#.≈~~~...~≈≈~.######
♣P.PP....._.≈≈≈~.....##
#P#P..~~≈~...≈≈≈~.###.##
#P#...~@~≈~~~~≈≈≈.PP#...
#PPP...~≈≈≈≈≈~~~..PP#...
#PPP....≈≈≈≈≈~~.PPPP#..#
#P♣...PPP~~~≈~.P.♣P##.#.
#.P..PPP.......PP.P♣##.#
#P...PPP♣.PP.♣#♣P#P.#.##


#PP..PPPP#PP..P PP ##.# #.♣P.#PPPP.PPPP #.. #(PPP♣PP.P#P.# #># You could see an
oklob plant.

Vanquished Creatures
  Sigmund (D:2)
  A wraith (D:5)
  Eustachio (D:5)
  A water moccasin (D:5)
  Pargi (Sewer)
  An ice beast (D:6)
  2 ogres
  A brain worm (Sewer)
  A scorpion (D:5)
  A howler monkey (D:4)
  2 hounds
  An orc priest (D:6)
  An iguana (D:4)
  4 orc wizards
  8 adders
  5 gnolls
  A white imp (D:6)
  2 ufetubi (D:5)
  4 dart slugs
  4 ribbon worms
  22 orcs
  6 endoplasms
  A giant cockroach (D:3)
  15 goblins
  5 hobgoblins
  4 jackals (D:1)
  4 kobolds
  4 quokkas
  3 ball pythons
  13 bats
  A frilled lizard (D:1)
  4 rats
125 creatures vanquished.

Notes
Turn   | Place    | Note
-------+----------+-------------------------------------------
     0 | D:1      | Fodor the Minotaur Fighter began the quest for the Orb.
     0 | D:1      | Reached XP level 1. HP: 19/19 MP: 0/0
    50 | D:1      | Reached XP level 2. HP: 27/27 MP: 1/1
   440 | D:1      | Reached XP level 3. HP: 33/33 MP: 2/2
  1320 | D:2      | Noticed Sigmund
  1332 | D:2      | Killed Sigmund
  1333 | D:2      | Reached skill level 4 in Axes
  1333 | D:2      | Reached skill level 5 in Armour
  1333 | D:2      | Reached skill level 1 in Dodging
  1333 | D:2      | Reached XP level 4. HP: 35/41 MP: 3/3
  1333 | D:2      | Reached XP level 5. HP: 40/47 MP: 4/4
  1922 | D:3      | Noticed an ogre
  1940 | D:3      | Killed an ogre
  1941 | D:3      | Reached XP level 6. HP: 53/53 MP: 5/5
  2015 | D:3      | Found Bexzoo's Magic Scroll Boutique.
  2031 | D:3      | Bought a scroll of teleportation for 33 gold pieces
  2031 | D:3      | Bought a scroll of identify for 22 gold pieces
  2043 | D:3      | Reached skill level 5 in Axes
  2083 | D:3      | Found a hazy altar of Hepliaklqana.
  2756 | D:4      | Reached skill level 5 in Fighting
  2887 | D:4      | Identified the +1 buckler "Geyph" {^Drain rElec rF+ Dex+3}
  2905 | D:4      | Reached XP level 7. HP: 58/61 MP: 6/6
  2998 | D:4      | Reached skill level 6 in Axes
  3265 | D:5      | Entered Level 5 of the Dungeon
  3331 | D:5      | Found a glowing drain.
  3375 | Sewer    | Entered a sewer
  3404 | Sewer    | Noticed Pargi
  3424 | Sewer    | Killed Pargi
  3883 | D:5      | Reached skill level 7 in Axes
  3883 | D:5      | Reached XP level 8. HP: 70/70 MP: 7/7
  4074 | D:5      | Noticed Eustachio
  4084 | D:5      | Killed Eustachio
  4464 | D:6      | Found a blossoming altar of Fedhas.
  4485 | D:6      | Noticed an oklob plant
  4506 | D:6      | HP: 2/70 [oklob plant/splash of acid (19)]
  4761 | D:6      | Reached skill level 8 in Axes
  4761 | D:6      | Reached skill level 5 in Shields
  5257 | D:6      | Killed from afar by an oklob plant

Illustrated notes

Levels and vault maps discovered:
D:1:      minmay_arrival_stone_box, layout_loops_cross
D:2:      layout_basic, uniq_sigmund
D:3:      layout_loops_ring, mainiacjoe_overflow_alcove_1, serial_shops, shop,
          minmay_ogre_servants
D:4:      layout_cave_pools, serial_bayou_crossing
D:5:      layout_basic, cheibrodos_sewer_entry_drain, uniq_eustachio
D:6:      layout_loops_corners, tgw_fedhas, uniq_blork_the_orc, uniq_jeremiah,
          uniq_edmund

Skill      XL: |  1  2  3  4  5  6  7  8 |
---------------+-------------------------+-----
Armour         | 4 5 6 7 |  7.5
Fighting       | 4 5 6 |  6.3
Axes           | 4 5 7 8 |  8.7
Dodging        | 1 2 |  2.9
Shields        | 4 5 |  5.0
Throwing       | |  0.8
Stealth        | |  0.7

Action                     |  1- 3 |  4- 6 |  7- 9 || total
---------------------------+-------+-------+-------++-------
  Melee: War axe           |    66 |   124 |   158 ||   348
         Headbutt          |     8 |    23 |    20 ||    51
  Throw: Javelin           |     6 |       |     3 ||     9
         Boomerang         |       |       |     7 ||     7
    Use: Scroll            |       |     3 |     7 ||    10
 Armour: Scale mail        |    72 |    89 |    97 ||   258
         Plate armour      |       |       |    54 ||    54
  Dodge: Dodged            |    41 |    46 |    92 ||   179
  Block: Buckler           |    16 |    29 |    39 ||    84

Table legend: (Time is in decaauts)
 A = Elapsed time spent in this place.
 B = Non-inter-level travel time spent in this place.
 C = Inter-level travel time spent in this place.
 D = Time resting spent in this place.
 E = Time spent auto-exploring this place.
 F = Levels seen in this place.
 G = Mean time per level.
                   A        B        C        D        E       F      G
               +--------+--------+--------+--------+--------+-----+--------+
         Total |   5373 |   5294 |     79 |    852 |      0 |   7 |  767.6 |
       Dungeon |   5243 |   5164 |     79 |    852 |      0 |   6 |  873.8 |
         Sewer |    129 |    129 |      0 |      0 |      0 |   1 |  129.0 |
               +--------+--------+--------+--------+--------+-----+--------+

Top non-repeatable levels by time:
     D:5: 1069 daAuts
     D:1: 958 daAuts
     D:2: 874 daAuts
     D:6: 835 daAuts
     D:3: 761 daAuts
     D:4: 745 daAuts
   Sewer: 129 daAuts
